 Dungeon Crawl Stone Soup version 0.17-a0-1132-g5dd4065 (console) character file.

35 Monkaria the Skirmisher (level 3, 0/30 HPs)
             Began as a Demonspawn Chaos Knight on May 25, 2015.
             Succumbed to an adder's poison
             ... on level 2 of the Dungeon.
             The game lasted 00:01:09 (773 turns).

Monkaria the Skirmisher (Demonspawn Chaos Knight)    Turns: 773, Time: 00:01:09

Health: 0/30       AC:  5    Str: 13      XL:     3   Next: 16%
Magic:  3/3        EV: 16    Int: 13      God:    Xom [....*.]
Gold:   23         SH:  0    Dex: 16 (17) Spells: 0 memorised, 2 levels left

rFire  . . .     SeeInvis .     a - +0 falchion (chaos)
rCold  . . .     Clarity  +     b - +2 leather armour
rNeg   . . .     SustAt   .     (no shield)
rPois  .         Gourm    .     (no helmet)
rElec  .         Spirit   .     (no cloak)
rCorr  .         Warding  .     (no gloves)
rMut   .         Stasis   .     (no boots)
MR     .....                    (no amulet)
Stlth  ++........               (no ring)
                                (no ring)

@: agile, lethally poisoned (0 -> -9), not resistant to hostile enchantments,
unstealthy
A: clarity, demonic guardian 1
a: Renounce Religion


You were on level 2 of the Dungeon.
You worshipped Xom.
You were a beloved toy of Xom.
You were not hungry.

You visited 1 branch of the dungeon, and saw 2 of its levels.

You collected 23 gold pieces.

Inventory:

Hand weapons
 a - a +0 falchion of chaos (weapon)
Armour
 b - a +2 leather armour (worn)
 d - a +0 scale mail of positive energy
Magical devices
 l - a wand of fireball (8)
Scrolls
 e - a scroll of magic mapping {unknown}
 g - a scroll of remove curse {unknown}
 h - a scroll of immolation {unknown}
 i - a scroll of identify {unknown}
Comestibles
 c - a bread ration
 j - 3 fruits


   Skills:
 + Level 4.3 Fighting
 - Level 2.6 Long Blades
 - Level 1.7 Armour
 - Level 0.8 Dodging


You had 2 spell levels left.
You didn't know any spells.

Dungeon Overview and Level Annotations

Branches:
Dungeon (2/15)

Altars:


Innate Abilities, Weirdness & Mutations

A weak demonic guardian rushes to your aid.
You possess an exceptional clarity of mind.


Message History

It was a potion of degeneration.
There was something very wrong with that liquid.
You feel clumsy. The adder bites you.
* * * LOW HITPOINT WARNING * * *
You are more poisoned.
The adder poisons you!
Drink which item? (? for menu, Esc to quit)
It was a potion of agility.
You feel agile all of a sudden.
You die...
Xom is feeling generous.
Xom revives you! The adder misses you.
Unknown command.
Unknown command.
Unknown command.
You miss the adder.
The adder is heavily wounded.
You die...
Xom titters!

....#..........>....# ##...###
.#.##...............# ###...####
##..................########.....
.####......##...........#######..
..# #......######..####..........
..........## ##.# ########.#.
#.###.....###### #.#### #...#. .#
.........r###....# ###.#.(.
..##...#KS@..##.####.....##
#...#####.##......#.### ##.r.#
#............... #....#
###.............
......#................
.........##.............
.........#...............
.......$..................
.............#.............


You could see an adder, a kobold and a rat.

Vanquished Creatures
  An ooze (D:1)
  A giant gecko (D:1)
  2 bats (D:1)
  3 giant cockroaches
  5 goblins
  4 hobgoblins
  A ball python (D:2)
  5 kobolds
  7 rats
29 creatures vanquished.

Notes
Turn   | Place    | Note
--------------------------------------------------------------
     0 | D:1      | Monkaria the Demonspawn Chaos Knight began the quest for the Orb.
     0 | D:1      | Reached XP level 1. HP: 18/18 MP: 1/1
    28 | D:1      | XOM: harmless Fire miscast
   101 | D:1      | XOM: scenery: 3 doors close
   125 | D:1      | Gained mutation: A weak demonic guardian rushes to your aid. [demonic ancestry]
   125 | D:1      | Reached XP level 2. HP: 17/24 MP: 2/2
   215 | D:1      | XOM: give mutation
   215 | D:1      | Gained mutation: You possess an exceptional clarity of mind. [Xom's grace]
   217 | D:1      | XOM: 3-stop teleportation journey
   227 | D:1      | Reached skill level 4 in Fighting
   432 | D:1      | XOM: vitrification
   651 | D:2      | Reached XP level 3. HP: 25/30 MP: 3/3
   737 | D:2      | XOM: god gift: encrusted bone wand {god gift}
   771 | D:2      | HP: 1/30 [adder (2)]
   772 | D:2      | Xom revived you
   773 | D:2      | Succumbed to an adder's poison

Vault maps used:
D:1:      shiori_arrival_maze
D:2:      lemuel_round_altar, nicolae_overflow_crystal_walls, st_stairs_12,
          serial_bayou_ford_a

Action                   || total
-------------------------++-------
Melee: Falchion          ||    98
  Use: Potion            ||     2
